[Event "45th FIDE Womens Olympiad 2024"]
[Site "Budapest"]
[Date "2024.09.15"]
[Round "5.131"]
[White "Munoz Cortez, Anahi Alexandra"]
[Black "Jacimovic, Sara"]
[Result "1/2-1/2"]
[ECO "C55"]
[WhiteElo "1868"]
[BlackElo "1981"]
[Annotator "TA"]
[PlyCount "94"]
[EventDate "2024.09.05"]
[EventType "team-tourn"]
[EventCountry "HUN"]
[SourceTitle "playchess.com"]
[Source "ChessBase"]
[SourceQuality "1"]
[WhiteTeam "Nicaragua"]
[BlackTeam "Bosnia & Herzegovina"]
[WhiteTeamCountry "NCA"]
[BlackTeamCountry "BIH"]
[TimeControl "40/5400+30:1800+30"]

1. e4 e5 2. Nf3 Nc6 3. Bc4 Nf6 4. d3 h6 5. Nbd2 d6 6. c3 g5 7. h3 Bg7 8. Nf1 ({Better is} 8. O-O $14) 8... Ne7 (8... d5 $11 9. exd5 Nxd5) 9. g4 (9. Ng3 $14) 9... d5 10. exd5 Nfxd5 11. Ng3 Rf8 12. Qe2 Qd6 13. Qe4 f5 14. gxf5 {Black should prevent h4.} Bxf5 (14... Nb6 $11 {is superior.}) 15. Nxf5 $14 Rxf5 16. h4 gxh4 17. Nxh4 Rf7 18. Be3 O-O-O 19. O-O-O (19. Bxa7 b6 (19... Rf4 20. Qg2 $11) 20. Ba6+ Kd7 $17) 19... Kb8 20. Rdg1 $36 {[%mdl 2048] White has the initiative.} Bf8 21. Ng6 {White is more active.} Rf6 (21... Nxg6 $14 22. Rxg6 Rf6 23. Rxf6 Nxf6) 22. Nxe5 $18 Nxe3 23. fxe3 Rc8 {Black is weak on the light squares} 24. Rg2 a6 25. d4 c5 $2 (25... c6 26. Qg4 Ka8) 26. Rd1 {[#] dxc5 is the strong threat.} Rf5 27. Nf7 Qf6 28. Be6 (28. Ne5 Rc7 29. Kb1 cxd4 $18) 28... cxd4 29. Bxf5 (29. Rxd4 Rf1+ 30. Kd2 Rc6 $18) ({Don't do} 29. exd4 Rf4 30. Qe5+ Rc7 $18) 29... Nxf5 (29... Qxf5 $142 30. Qxf5 (30. Qxd4 Qxf7 31. Kb1 Nc6 $17) 30... Nxf5) 30. Qe5+ $2 (30. Ne5 $18 Qe6 31. exd4) 30... Qxe5 $11 31. Nxe5 Nxe3 32. Rg8 dxc3 (32... Nxd1 $15 {stays ahead.} 33. Nd7+ Kc7 34. Nxf8 Ne3 (34... dxc3 35. Kxd1 cxb2 36. Kc2 $11)) 33. Rdg1 $2 (33. Rd3 $18) 33... cxb2+ 34. Kxb2 {[#] Black must now prevent Nd7+.} Ka7 35. Kb3 {aiming for Ng6.} (35. Nd7 {keeps more tension.} Rc2+ 36. Kb3 Be7 37. Re8) 35... Rc5 36. Rxf8 Rxe5 $14 {[%mdl 4096] Endgame. KRR-KRN} 37. Rg7 Rb5+ 38. Kc3 {[%mdl 1024] White has compensation.} Nd5+ 39. Kd4 {Threatens to win with a4.} Nb4 40. a4 Nc6+ {The position is equal.} 41. Kc3 Rb1 42. Rf6 Rh1 43. Kb2 (43. Rxc6 Rc1+ 44. Kb4 Rxc6 $17) 43... Rh2+ 44. Ka3 Rh3+ 45. Kb2 Rh2+ 46. Ka3 Rh3+ 47. Kb2 Rh2+ {Weighted Error Value: White=0.41/Black=0.42.  Loses game:     	---       	Black=1      Missed win:     	White=2     	---        Mistake:       	White=2     	Black=5      Inaccurate:     	White=3     	Black=1      OK:         	White=15    	Black=19     Best:        	White=3     	Black=1} 1/2-1/2

[Event "45th FIDE Womens Olympiad 2024"]
[Site "Budapest"]
[Date "2024.09.15"]
[Round "5.132"]
[White "Mahmutbegovic Smajilbasic, Nadina"]
[Black "Alvarez Gutierrez, Patricia"]
[Result "1/2-1/2"]
[ECO "B15"]
[WhiteElo "1973"]
[BlackElo "1826"]
[Annotator "TA"]
[PlyCount "54"]
[EventDate "2024.09.05"]
[EventType "team-tourn"]
[EventCountry "HUN"]
[SourceTitle "playchess.com"]
[Source "ChessBase"]
[SourceQuality "1"]
[WhiteTeam "Bosnia & Herzegovina"]
[BlackTeam "Nicaragua"]
[WhiteTeamCountry "BIH"]
[BlackTeamCountry "NCA"]
[TimeControl "40/5400+30:1800+30"]

1. e4 c6 2. Nc3 d5 3. Nf3 e6 4. d4 Nf6 5. Bd3 Bb4 6. exd5 (6. e5 $16 Nfd7 7. O-O) 6... exd5 $11 7. O-O O-O 8. Ne5 {Prevents Bg4. White is slightly better.} Nbd7 9. Bg5 Bd6 10. Ng4 h5 11. Nxf6+ Nxf6 12. h3 Bc7 13. Ne2 Qd6 14. Bf4 Qe7 15. Re1 Re8 {[#]} 16. Qd2 $1 Qd8 17. Bxc7 Qxc7 18. Qg5 Qb6 (18... Qe7 $16 {was necessary.} 19. Nf4 Qxe1+ 20. Rxe1 Rxe1+ 21. Kh2 Bd7 22. Nxh5 Nxh5) 19. Nf4 $18 Bd7 (19... Ne4 $142 20. c3 (20. Qxh5 Qxd4 21. Qf3 Qxb2 $11) 20... Qd8 21. Qxd8 (21. Qxh5 Qf6 $16) 21... Rxd8 22. Nxh5 Nd6) 20. Nxh5 Nxh5 21. Qxh5 {Qh7+ would kill now.} g6 {[#]} 22. Bxg6 $1 fxg6 23. Qxg6+ Kh8 24. Qh6+ Kg8 25. Qg6+ Kh8 26. Qh6+ Kg8 27. Qg6+ Kh8 {[%mdl 32768] Weighted Error Value: White=0.81/Black=0.24 (precise) .  Loses game:     	---       	Black=1      Mistake:       	---       	Black=2      Inaccurate:     	White=1     	Black=1      OK:         	White=9     	Black=3      Best:        	White=1     	Black=3      Strong:       	White=1     	---        Brilliant:      	White=1     	---       . An unexpected result.} 1/2-1/2

[Event "45th FIDE Womens Olympiad 2024"]
[Site "Budapest"]
[Date "2024.09.15"]
[Round "5.133"]
[White "Stojkovska, Monika"]
[Black "Serina Arafat"]
[Result "1-0"]
[ECO "D53"]
[WhiteElo "2043"]
[BlackElo "1552"]
[Annotator "TA"]
[PlyCount "75"]
[EventDate "2024.09.05"]
[EventType "team-tourn"]
[EventCountry "HUN"]
[SourceTitle "playchess.com"]
[Source "ChessBase"]
[SourceQuality "1"]
[WhiteTeam "North Macedonia"]
[BlackTeam "Jordan"]
[WhiteTeamCountry "MKD"]
[BlackTeamCountry "JOR"]
[TimeControl "40/5400+30:1800+30"]

1. d4 d5 2. c4 e6 3. Nc3 Nf6 4. cxd5 exd5 5. Bg5 Be7 6. e3 b6 7. Bd3 Bb7 8. Qc2 Nbd7 9. Nge2 {[%cal Bg1e2,Be2g3,Bg3f5][%mdl 32] White is slightly better.} a6 10. Ng3 h6 11. Bf4 O-O 12. Nf5 {White wants to play Qd1.} Rc8 13. Qe2 c5 (13... Re8 $14) 14. Bd6 {White is much more active.} (14. Bxh6 $16 gxh6 15. Qf3) 14... Bxd6 $11 15. Nxd6 Rc7 (15... cxd4 $1 $15 {keeps the upper hand.} 16. Nxc8 (16. Nxb7 Qc7 $17) (16. exd4 $2 Rxc3 17. Nxb7 Qc7 $19) 16... Bxc8 (16... dxc3 17. Nd6 $11)) 16. Nxb7 $16 (16. Bxa6 $2 Bxa6 17. Qxa6 cxd4 $19) 16... Rxb7 17. Bxa6 Ra7 18. O-O cxd4 19. exd4 Re8 20. Qd3 Nb8 21. Bb5 Ree7 22. Rfe1 Qd6 23. Qf5 Qd8 {Dodges Qc8. Black is weak on the light squares} (23... g6 $16 24. Qc8+ Kg7) 24. Re5 $18 Ra5 $2 (24... Nbd7 {was called for.}) 25. Rae1 (25. Nxd5 Rxe5 26. Nxf6+ gxf6 $17) 25... Rxe5 26. Rxe5 (26. dxe5 $18 {and the rest is easy.} Qe7 27. Qc8+ (27. exf6 Qxe1+ 28. Bf1 Qe6 $17) 27... Kh7 28. Qxb8 Rxb5 29. Nxb5) 26... Qc7 $2 (26... g6 $16 {might work better.} 27. Qf3 Kg7) 27. h3 Kh8 28. Bd3 (28. Nxd5 Qc1+ 29. Kh2 Nbd7 30. Bxd7 Rxd5 31. Rxd5 Nxd5 32. Qxf7 (32. Qxd5 Qf4+ 33. g3 Qxf2+ 34. Qg2 Qxd4 $18) 32... Qf4+ 33. Qxf4 Nxf4) 28... Qd8 {Repels Re8+} 29. b4 Ra3 30. Nb5 (30. Nxd5 $18 Rxd3 31. Qxd3 Nxd5 32. Qc4) 30... Rxa2 31. g4 $40 {[%mdl 128] White attacks.} (31. Re1 $1 $16 Kg8 32. Rc1) 31... Nc6 $2 (31... Kg8 $11 {and Black stays safe.}) 32. Re1 $2 (32. Nd6 $1 $18 Nxe5 (32... Qxd6 33. Re8+) 33. dxe5) 32... Nxb4 $2 {[%mdl 8192] [#]} (32... Ra8 $11) 33. Bb1 $2 (33. Nd6 $1 $18 Kg8 (33... Qxd6 34. Re8+) 34. Re8+ Qxe8 35. Nxe8 Nxe8 36. Bf1) 33... Rb2 $2 {[#]} (33... Ra8 $11) 34. Nd6 $1 Qf8 $16 (34... Qxd6 35. Re8+) 35. g5 (35. Qf4 $14) 35... hxg5 $11 {Strongly threatening ...Nc6.} ({And not} 35... Qxd6 36. Re8+ (36. gxf6 Rxb1 37. Qxb1 g6 $18) (36. gxf6 Rxb1 37. Qxb1 g6 $18)) 36. Ne8 $2 Nc6 $4 ({Inferior is} 36... Nxe8 37. Qh7#) (36... Rxb1 $19 37. Qxb1 Nxe8 38. Rxe8 Qxe8 39. Qxb4 Qe6) 37. Nxf6 $18 Rxb1 38. Qh7# {Weighted Error Value: White=0.80/Black=0.83.  Loses game:     	White=1     	Black=4      Missed win:     	White=4     	Black=1      Mistake:       	White=4     	Black=4      Inaccurate:     	White=1     	Black=3      OK:         	White=6     	Black=7      Best:        	White=4     	Black=2} 1-0

[Event "45th FIDE Womens Olympiad 2024"]
[Site "Budapest"]
[Date "2024.09.15"]
[Round "5.134"]
[White "Jeda Helal"]
[Black "Zhezhovska, Monika"]
[Result "0-1"]
[ECO "B62"]
[WhiteElo "1569"]
[BlackElo "2106"]
[Annotator "TA"]
[PlyCount "100"]
[EventDate "2024.09.05"]
[EventType "team-tourn"]
[EventCountry "HUN"]
[SourceTitle "playchess.com"]
[Source "ChessBase"]
[SourceQuality "1"]
[WhiteTeam "Jordan"]
[BlackTeam "North Macedonia"]
[WhiteTeamCountry "JOR"]
[BlackTeamCountry "MKD"]
[TimeControl "40/5400+30:1800+30"]

1. e4 c5 2. Nf3 Nc6 3. d4 cxd4 4. Nxd4 Nf6 5. Nc3 d6 6. Bg5 e6 7. Be2 a6 8. O-O Be7 9. Kh1 O-O 10. f4 Qc7 11. Qd3 Bd7 12. Rad1 Rfd8 13. f5 {The position is equal.} b5 (13... Kh8 $11) 14. Qg3 Kh8 15. a3 $40 {[%mdl 128] White mounts an attack.} Rab8 (15... Rdc8 $14) 16. Qh4 $16 {Threatens to win with fxe6.} Ne5 17. Nf3 (17. fxe6 $16 Ng6 18. Bxf6 (18. Qh3 fxe6 19. Bd3 Ne5 $14) 18... Nxh4 19. Bxe7 fxe6 20. Bxh4) 17... Kg8 (17... Bc8 $11) 18. Nxe5 dxe5 19. Rd3 $1 {Black must now prevent Rh3.} b4 $2 (19... exf5 $1 $14 20. Rh3 (20. exf5 Bc6 $17) 20... Bc8) 20. Rg3 $1 $18 Kh8 $2 (20... Kf8) 21. fxe6 Bxe6 22. axb4 (22. Rxf6 $18 {[%cal Of6h6] White threatens Rh6! and mate.} Qxc3 23. bxc3 bxa3 24. h3) 22... Rxb4 $2 (22... Ng8 $14) 23. Bxf6 (23. Bxa6 Rxb2 24. h3 (24. Rxf6 $2 Bxf6 25. h3 Bxg5 $19) 24... Ng8 $15 (24... Rxc2 $2 25. Rxf6 Kg8 26. Rf1 $18)) 23... Bxf6 24. Rxf6 {[%cal Of6h6] Strongly threatening Rh6!} Qe7 {[#]} 25. Rh6 Qxh4 $14 26. Rxh4 Rxb2 27. Rd3 (27. Bxa6 $2 {leads to mate.} Rb1+ (27... Rxc2 28. Kg1 $16) 28. Nxb1 Rd1+) (27. h3 $1 $16) 27... Rc8 (27... Rd4 $1 $11 28. h3 (28. Rxd4 $2 exd4 29. Nd1 Rxc2 $19) 28... Rxd3 29. Bxd3 a5) 28. Bd1 g6 {Inhibits Rh5.} 29. g4 Kg7 (29... a5 $142) 30. Rhh3 (30. g5 $16) 30... h5 $1 31. Rhg3 hxg4 32. Bxg4 Bxg4 33. Rxg4 Rxc2 34. Nd5 Re2 35. Rc3 Rb8 36. Rc1 Rbb2 37. h4 a5 38. Kg1 a4 {Hoping for ...a3.} 39. Nc3 Red2 (39... Rec2 $1 $11 40. Rxc2 Rxc2 41. Nxa4 f6) 40. Nxa4 Rb4 41. Nc5 Rbb2 {[#]} (41... Kh6 $14) 42. h5 $1 $16 Kh6 (42... Rb6 $16 {might work better.} 43. hxg6 Rxg6 44. Rxg6+ Kxg6) 43. hxg6 $18 fxg6 44. Ne6 Kh5 {Inhibits Rh4+.} 45. Rg5+ Kh6 46. Rg3 $1 ({Not} 46. Rxe5 Rg2+ 47. Kf1 Rbf2+ 48. Ke1 Ra2 $11) 46... Kh5 {[#]} 47. Rf1 (47. Re1 $1 $18) 47... Re2 $14 48. Ng7+ Kh6 49. Ne6 Kh5 $1 50. Rgf3 $2 (50. Nf8 $14) 50... Rg2+ {[%mdl 32768] Weighted Error Value: White=0.63/Black=0.31.  Loses game:     	White=1     	---        Mistake:       	White=4     	Black=10     Inaccurate:     	White=1     	Black=1      OK:         	White=10    	Black=11     Best:        	White=2     	Black=2      Strong:       	White=3     	Black=2     . Loss on time!?} 0-1

[Event "45th FIDE Womens Olympiad 2024"]
[Site "Budapest"]
[Date "2024.09.15"]
[Round "5.135"]
[White "Trajkovska, Sanja"]
[Black "Boshra, Alshaeby"]
[Result "1-0"]
[ECO "B12"]
[WhiteElo "1921"]
[BlackElo "1939"]
[Annotator "TA"]
[PlyCount "104"]
[EventDate "2024.09.05"]
[EventType "team-tourn"]
[EventCountry "HUN"]
[SourceTitle "playchess.com"]
[Source "ChessBase"]
[SourceQuality "1"]
[WhiteTeam "North Macedonia"]
[BlackTeam "Jordan"]
[WhiteTeamCountry "MKD"]
[BlackTeamCountry "JOR"]
[TimeControl "40/5400+30:1800+30"]

1. e4 c6 2. d4 d5 3. e5 Bf5 4. h4 h5 5. Bd3 Bxd3 6. Qxd3 Qa5+ 7. Nd2 {[%cal Oe5e6] aiming for e6!} e6 8. Ngf3 {The position is equal.} Nh6 9. O-O Nf5 10. g3 Qa6 11. c4 c5 12. Qc3 Nc6 (12... cxd4 $15 13. Nxd4 Nxd4 14. Qxd4 Nc6) 13. cxd5 (13. dxc5 $1 $11 {was the only way to keep the balance.} Bxc5 14. cxd5) 13... Ncxd4 $17 14. Nxd4 Nxd4 15. Kg2 exd5 16. Nf3 (16. b4 $142) 16... Ne6 17. Bg5 Be7 18. Bxe7 Kxe7 19. Ng5 d4 20. Qd2 Qc6+ 21. Kh2 Rac8 (21... Nxg5 $17 22. Qxg5+ Kf8) 22. Rae1 $15 Nxg5 23. Qxg5+ Kf8 24. Qf5 {Black continues to play with concentration.} ({Better is} 24. e6 $15) 24... Rh6 $17 25. e6 (25. f4 $17) 25... Rxe6 $19 26. Qxh5 Kg8 {Inhibits Qh8+.} 27. Rxe6 Qxe6 {[%mdl 4096] Endgame. KQR-KQR} 28. b3 $2 (28. Qf3) 28... b6 29. Qf3 Re8 30. a4 Qe2 31. Kg2 Qxf3+ 32. Kxf3 {KR-KR} Re6 33. Rd1 Kf8 34. Rd3 $2 (34. a5 {was necessary.}) 34... Ke7 35. g4 Kd6 36. g5 Kd5 {[#] Hoping for ...c4.} 37. h5 (37. Rd2 $142) 37... c4 38. bxc4+ Kxc4 39. Rd1 d3 {And now ...Kc3 would win.} 40. Kf4 Kc3 {[#] Threatens to win with ...d2.} 41. Rc1+ Kb2 42. Rh1 d2 {( -> ...Re1)} 43. Rd1 Kc2 {Black mates.} 44. Ra1 d1=Q 45. Rxd1 Kxd1 {KR-KP} 46. Kf5 a6 47. f4 b5 48. axb5 axb5 49. g6 Rf6+ 50. Kg5 fxg6 51. h6 Rf5+ ({Stronger than} 51... Rf7 52. h7 Rf8 53. Kxg6 $11) 52. Kxg6 Rxf4 {[%mdl 32768] Weighted Error Value: White=0.66/Black=0.13 (very precise) .  Mistake:       	White=7     	Black=2      Inaccurate:     	White=2     	Black=1      OK:         	White=10    	Black=13     Best:        	---       	Black=3     . Loss on time!?} 1-0

[Event "45th FIDE Womens Olympiad 2024"]
[Site "Budapest"]
[Date "2024.09.15"]
[Round "5.136"]
[White "Ruba Al-Qudah"]
[Black "Eftovska, Lea"]
[Result "1-0"]
[ECO "C24"]
[WhiteElo "1937"]
[BlackElo "1839"]
[Annotator "TA"]
[PlyCount "129"]
[EventDate "2024.09.05"]
[EventType "team-tourn"]
[EventCountry "HUN"]
[SourceTitle "playchess.com"]
[Source "ChessBase"]
[SourceQuality "1"]
[WhiteTeam "Jordan"]
[BlackTeam "North Macedonia"]
[WhiteTeamCountry "JOR"]
[BlackTeamCountry "MKD"]
[TimeControl "40/5400+30:1800+30"]

1. e4 e5 2. Bc4 Nf6 3. d3 c6 4. Nf3 Be7 5. O-O d6 6. Re1 O-O 7. Nbd2 Nbd7 8. a4 Qc7 9. Nf1 {The position is equal.} Re8 10. Ne3 h6 11. c3 (11. Nh4 {feels hotter.} Bf8 12. Ng6 Nb6 13. Bb3) 11... Nf8 12. Qb3 Be6 13. Bxe6 Nxe6 14. Nf5 Bf8 15. Bd2 Kh7 (15... Nc5 $5 16. Qc2 $8 d5 $11) 16. Rad1 g6 {[%cal Oe6c5] aiming for ...Nc5!} 17. Ng3 Nc5 18. Qc2 a5 19. d4 Ne6 20. Bc1 Rad8 21. h3 Bg7 22. dxe5 dxe5 23. Be3 Nd7 24. Ne2 Ndc5 25. b4 {Black must now prevent Rxd8.} Na6 26. Qb3 axb4 27. cxb4 Qe7 28. Rb1 Rd7 29. Bb6 Nd4 (29... Ra8 $11) 30. Nexd4 exd4 31. Qc4 d3 32. b5 Nb8 (32... cxb5 $11 33. axb5 Nc7) 33. Rbd1 $16 Qe6 34. Qxe6 Rxe6 {[#]} 35. Ba7 $1 Re8 36. Re3 cxb5 37. axb5 (37. Rdxd3 $2 Rxd3 (37... bxa4 $2 38. Rxd7 Nxd7 39. Re2 $19) 38. Rxd3 bxa4 $19) 37... Rde7 38. Bxb8 Rxb8 39. Rdxd3 (39. Rexd3 Rxe4 40. Rd7 Rf4 $11) 39... Rc8 40. Rd5 Rc4 41. Nd2 ({White should try} 41. e5 $16) 41... Rc1+ $14 42. Kh2 Be5+ 43. g3 Bc7 44. Kg2 Bb6 45. Red3 Rcc7 (45... Rc2 $16 {keeps fighting.}) 46. Kf3 (46. e5 $18) 46... Kg7 47. g4 f6 48. Nb3 Kf7 49. Rd6 Re6 50. R6d5 Rce7 (50... Ree7 $11 {remains equal.}) 51. Nd2 $16 Rc7 {Prevents Nc4.} 52. Rd7+ Re7 53. R7d6 Re6 54. Rd8 Rc2 55. R3d7+ Re7 56. Rxe7+ Kxe7 $11 {[%mdl 4096] Endgame. KRB-KRN} 57. Rb8 (57. Rd3 $11) 57... Rc7 $2 (57... Bc5 $1 $15 {stays ahead.} 58. Rxb7+ Kd8) 58. Rh8 (58. Nf1 $16) 58... Ke6 {[#]} (58... Rc2 $11 59. Rh7+ Kd8 60. Rh8+ (60. Rxb7 Bc5 $15) 60... Kc7 61. Rh7+ Kd8 62. Rh8+ (62. Rxb7 Bc5 $15) 62... Kc7 63. Rh7+ Kc8 64. Rh8+ Kc7) 59. Rb8 ({Worse is} 59. Rxh6 Rc2 60. Ke2 Ba5 61. Rxg6 Rxd2+ (61... Bxd2 62. Kd3 $17) 62. Kf3 Bc3 $17 (62... Bb6 63. Rg7 $17)) (59. Nf1 $1 $16) 59... Kd6 (59... Ke7 $11 {keeps the balance.}) 60. Ke2 Kc5 (60... Ba5 $142) 61. Rf8 $16 Kxb5 62. Rxf6 Rg7 (62... Rc6 $16 63. Rf7 Ka6) 63. f4 $18 Bd4 64. Rd6 Kc5 (64... Bc5 65. Rd8 Kb6) 65. Rd5+ {Weighted Error Value: White=0.17 (very precise) /Black=0.29 (precise) .  Mistake:       	White=5     	Black=10     Inaccurate:     	White=7     	Black=5      OK:         	White=18    	Black=16     Best:        	White=5     	Black=3      Strong:       	White=1     	---} 1-0

[Event "45th FIDE Womens Olympiad 2024"]
[Site "Budapest"]
[Date "2024.09.15"]
[Round "5.137"]
[White "Kanyamarala, Trisha"]
[Black "Ampaire Shakira"]
[Result "1/2-1/2"]
[ECO "D20"]
[WhiteElo "2179"]
[BlackElo "1839"]
[Annotator "RC"]
[PlyCount "119"]
[EventDate "2024.09.05"]
[EventType "team-tourn"]
[EventCountry "HUN"]
[SourceTitle "playchess.com"]
[Source "ChessBase"]
[SourceQuality "1"]
[WhiteTeam "Ireland"]
[BlackTeam "Uganda"]
[WhiteTeamCountry "IRL"]
[BlackTeamCountry "UGA"]
[TimeControl "40/5400+30:1800+30"]

1. d4 d5 2. c4 dxc4 3. e3 e5 4. Bxc4 exd4 5. exd4 Qe7+ 6. Ne2 Qb4+ 7. Nd2 Nf6 8. O-O Bd6 9. Qb3 O-O 10. Qxb4 Bxb4 11. Nf3 Bg4 12. Ne5 Bxe2 13. Bxe2 Nbd7 14. Bf3 c6 15. Bg5 Nxe5 16. dxe5 Nd7 17. a3 h6 18. Bf4 Ba5 19. Rad1 Rfd8 20. Bg4 Nf8 21. Bg3 Rxd1 22. Rxd1 Rd8 23. Rxd8 Bxd8 24. Bc8 b6 25. f4 Ne6 26. f5 Nd4 27. Kf2 Kf8 28. Ke3 c5 29. Ke4 Bg5 30. Bf2 Bc1 31. b4 Bxa3 32. bxc5 bxc5 33. Ba6 Nc6 34. Bb7 Na5 35. Bd5 Bb4 36. Kd3 f6 37. e6 Ke7 38. Bg3 c4+ 39. Kc2 Nb3 40. Bf2 Bc5 41. Be1 Nd4+ 42. Kc3 Nxf5 43. Kxc4 Bd6 44. Bf2 Bxh2 45. Bxa7 Bf4 46. Bc5+ Bd6 47. Bf2 g5 48. Kd3 Ng7 49. Ke4 f5+ 50. Kf3 g4+ 51. Ke2 Nxe6 52. Bh4+ Kd7 53. Kf1 Nf4 54. Bf7 Be7 55. Bf2 Bg5 56. Bc5 Nd3 57. Bd4 Kd6 58. Bc4 Nc5 59. Bxc5+ Kxc5 60. Be6 1/2-1/2

[Event "45th FIDE Womens Olympiad 2024"]
[Site "Budapest"]
[Date "2024.09.15"]
[Round "5.138"]
[White "Amoko, Ivy Claire"]
[Black "Mirza, Diana"]
[Result "0-1"]
[ECO "B48"]
[WhiteElo "1820"]
[BlackElo "1962"]
[Annotator "TA"]
[PlyCount "74"]
[EventDate "2024.09.05"]
[EventType "team-tourn"]
[EventCountry "HUN"]
[SourceTitle "playchess.com"]
[Source "ChessBase"]
[SourceQuality "1"]
[WhiteTeam "Uganda"]
[BlackTeam "Ireland"]
[WhiteTeamCountry "UGA"]
[BlackTeamCountry "IRL"]
[TimeControl "40/5400+30:1800+30"]

1. e4 c5 2. Nf3 Nc6 3. d4 cxd4 4. Nxd4 e6 5. Nc3 a6 6. Be3 Qc7 7. Qf3 Nf6 8. O-O-O Bb4 9. Nxc6 {White is slightly better.} Qxc6 10. Bd4 Bxc3 (10... b5 $14) 11. Bxc3 $16 Qxe4 {Black is weak on the dark squares} 12. Qg3 (12. Bxf6 Qxf3 13. gxf3 gxf6 $15) 12... Qg6 {[#]} 13. Qh4 $1 Ne4 {[#]} 14. Bxg7 Qxg7 15. Qxe4 f5 16. Qe3 O-O 17. f4 d5 18. c4 (18. Rg1 $142) 18... dxc4 19. Bxc4 Qc7 {Dodges Qb6} 20. Qc3 Qxf4+ 21. Kb1 {Rd3 would now be deadly.} b5 22. Bb3 {[%mdl 1024] aiming for Rd3. White has compensation.} Ra7 23. Rd4 Qg5 24. Rc1 Qf6 25. Qe3 (25. a3 $14) 25... Re7 26. Rd6 {[%cal Oc1c8] Strongly threatening Rxc8!} Kf7 (26... Kh8 $11) 27. Rf1 (27. g3 $16) 27... Rg8 28. Qh3 ({Better is} 28. g3 $14) 28... Kg7 $1 $11 29. Re1 Kh8 30. Qe3 (30. a3 $11 {keeps the balance.}) 30... Rxg2 $40 {[%mdl 128] Black attacks with force.} 31. Re2 Rxe2 32. Qxe2 {And now Rd8+ would win.} Kg7 (32... Re8 $19 {and Black stays clearly on top. ...f4 is the strong threat.} 33. a3 Qg7) 33. a3 Qg6 {Prevents Qg2.} ({Black should try} 33... f4 $17 {Threatens to win with ...Bd7.} 34. Ka2 Bd7 (34... f3 35. Qf2 $17) 35. Qg2+ Kf8 36. Rxa6 Be8 (36... f3 37. Qf2 $17)) 34. Qe5+ $11 Kf7 35. Ka2 Qf6 36. Qc5 Re8 (36... Bd7 $15) 37. Bd5 $2 (37. Rc6 $11 {and White is okay.} Bd7 38. Rxa6) 37... Qe5 $1 {Never resign too early!   Weighted Error Value: White=0.41/Black=0.25 (precise) .  Loses game:     	White=1     	---        Mistake:       	White=5     	Black=5      Inaccurate:     	White=3     	Black=3      OK:         	White=7     	Black=9      Best:        	White=1     	Black=3      Strong:       	White=1     	Black=2      Brilliant:      	White=1     	---} 0-1

[Event "45th FIDE Womens Olympiad 2024"]
[Site "Budapest"]
[Date "2024.09.15"]
[Round "5.139"]
[White "Gora, Antonina"]
[Black "Sana Omprakash Kayyar"]
[Result "0-1"]
[ECO "C50"]
[WhiteElo "1943"]
[BlackElo "1937"]
[Annotator "TA"]
[PlyCount "106"]
[EventDate "2024.09.05"]
[EventType "team-tourn"]
[EventCountry "HUN"]
[SourceTitle "playchess.com"]
[Source "ChessBase"]
[SourceQuality "1"]
[WhiteTeam "Ireland"]
[BlackTeam "Uganda"]
[WhiteTeamCountry "IRL"]
[BlackTeamCountry "UGA"]
[TimeControl "40/5400+30:1800+30"]

1. e4 e5 2. Nf3 Nc6 3. Bc4 Nf6 4. d3 Bc5 5. O-O a6 6. a4 O-O 7. h3 h6 8. Re1 {The position is equal.} d6 9. c3 Ba7 10. Nbd2 Re8 11. Nf1 Be6 12. Bb3 Bxb3 13. Qxb3 Qd7 14. Ng3 (14. Be3 {simplifies} Bxe3 15. Nxe3 Ne7 16. Qc2) 14... Ne7 15. Nh4 (15. Qxb7 $2 {is the wrong capture.} Reb8 $19) 15... d5 16. Qc2 Rad8 17. Be3 Bxe3 18. Rxe3 dxe4 19. dxe4 g6 20. Nf3 Nc8 21. Ne1 Nd6 22. b3 h5 23. f3 Re7 24. Nd3 Nde8 25. Nf1 Ng7 26. Rae1 c6 27. Nb2 Ne6 28. Nc4 Qc7 29. a5 Nf4 30. Kh2 (30. h4 {simplifies} Ne6 31. Rd1 Red7 32. Rxd7 Rxd7 33. Rd3) 30... Qd7 31. Nb6 Qe6 32. Nd2 h4 33. Ndc4 N6h5 34. Rd1 (34. Na4 $15) 34... Rxd1 $17 {Black converts the advantage convincingly.} 35. Qxd1 Qf6 $40 {[%mdl 128] [#] ...Qg5 is the strong threat. Black has strong attack.} 36. Qe1 (36. Qd8+ Kg7 37. Qd2 Re8 $17) 36... Qg5 37. Qf2 Re8 {Strongly threatening ...Rd8. Black is more active.} 38. Nd7 $2 (38. Na4 $17 {nothing else works.}) 38... Re7 $2 (38... Rd8 $19 39. Ncb6 Kg7) 39. Ncb6 (39. Ndb6 $11 {and White has nothing to worry.}) 39... Nxg2 $19 40. Qxg2 (40. Rd3) 40... Qxe3 41. b4 Qf4+ 42. Kg1 Qc1+ 43. Kf2 Ng3 44. Nf6+ Kg7 45. Ng4 Qd2+ 46. Kg1 Qe1+ 47. Kh2 Nf1+ 48. Kh1 Ng3+ 49. Kh2 Re8 {[%cal Oe8d8] [#] ( -> ...Rd8!). Black is clearly winning.} 50. Nc4 Nf1+ 51. Kh1 Ne3+ 52. Qg1 Qxg1+ ({Not} 52... Qxc3 53. Ngxe3 Rh8 (53... Qxb4 54. Qa1 $15) 54. Kh2 $15) 53. Kxg1 Nxc4 {Weighted Error Value: White=0.65/Black=0.25 (precise) .  Loses game:     	White=2     	---        Missed win:     	---       	Black=1      Mistake:       	White=2     	---        Inaccurate:     	White=4     	Black=3      OK:         	White=8     	Black=15     Best:        	---       	Black=1} 0-1